 Dungeon Crawl Stone Soup version 0.31.0-1-g2c135a008e (webtiles) character file.

Game seed: 12581852230715179561

19 qw the Shooter (level 2, -3/23 HPs)
             Began as a Djinni Hunter on Jan 23, 2024.
             Slain by a scorpion (4 damage)
             ... on level 2 of the Dungeon.
             The game lasted 00:00:01 (630 turns).

qw the Shooter (Djinni Hunter)                       Turns: 630, Time: 00:00:02

Health: -3/23      AC:  3    Str:  9 (10) XL:     2   Next: 95%
Gold:   30         EV: 12    Int:  9 (10) God:
                   SH:  0    Dex: 15 (16)

rFire   + + .        a - +0 shortbow
rCold   x . .        (shield currently unavailable)
rNeg    . . .        c - +0 leather armour
rPois   inf          (no helmet)
rElec   .            (no cloak)
rCorr   .            (no gloves)
SInv    .            (boots unavailable)
Will    .....        (no amulet)
Stlth   +            (no ring)
HPRegen 0.23/turn    (no ring)
MPRegen 0.00/turn

%: infuse magic (-4 HP)
@: flying
A: sickness immunity, fire resistance 2, cold vulnerability 1, float, innate
caster, HP casting, extra vitality 1
a: no special abilities


You were on level 2 of the Dungeon.
You visited 1 branch of the dungeon, and saw 2 of its levels.

You collected 30 gold pieces.


Innate Abilities, Weirdness & Mutations

You are immune to sickness and miasma.
You are immune to poison.
Your flesh is very heat resistant. (rF++)
You are vulnerable to cold. (rC-)
You float through the air rather than walking.
You learn spells naturally, not from books.
Your magical power is your life essence.
You have superior vitality. (+4 MHP)


   Skills:
 - Level 2.0 Fighting
 + Level 3.9 Ranged Weapons
 - Level 2.1 Dodging
 - Level 0.7 Stealth You didn't know any spells. Your spell library was empty.

Inventory:

Hand Weapons
 a - a +0 shortbow (weapon)
Armour
 c - a +0 leather armour (worn)
Potions
 e - 2 potions of curing

Dungeon Overview and Level Annotations

Branches:
Dungeon (2/15)

Altars:


Message History

You fly downwards.
Found a glowing hand axe and 11 gold pieces.
There is a stone staircase leading up here.
There are monsters nearby!
Waypoint 1 assigned to D:2.
You shoot an arrow.
The arrow hits the quokka but does no damage.
You shoot an arrow.
The arrow hits the quokka but does no damage.
You shoot an arrow. The arrow hits the quokka.
The quokka is almost dead.
619 ||| STAIRDANCE The quokka misses you.
You fly upwards.
There is a stone staircase leading down here.
Enter note: You shoot an arrow.
The arrow hits the quokka.
You kill the quokka!
Done exploring.
What level of the Dungeon? (default 2, ? - help)
You fly downwards.
The scorpion stings you.
The scorpion stings you but does no damage.
There is a stone staircase leading up here.
You shoot an arrow. The arrow barely misses the scorpion.
The scorpion stings you. x2
You shoot an arrow. The arrow closely misses the scorpion.
The scorpion misses you.
You shoot an arrow.
The arrow hits the scorpion but does no damage.
The scorpion stings you. x2
You shoot an arrow. The arrow closely misses the scorpion.
The scorpion closely misses you.
You shoot an arrow. The arrow barely misses the scorpion.
The scorpion closely misses you. The scorpion misses you.
You shoot an arrow.
The arrow completely misses the scorpion.
The scorpion stings you.
You shoot an arrow.
The arrow hits the scorpion but does no damage.
The scorpion stings you.
You die...

...........
......#.#.## .
#......... .# .
......#.# ...
$.........#...#
#..#.........#
#............#
#..@.......
#..s###..##
#)..# .....#
#.#...#
........
###.#....
#.#..##


You could see a scorpion.

Vanquished Creatures
  A dart slug (D:1)
  2 ball pythons (D:1)
  A hobgoblin (D:1)
  3 kobolds (D:1)
  5 quokkas (D:1)
  2 frilled lizards (D:1)
14 creatures vanquished.

Notes
Turn   | Place    | Note
-------+----------+-------------------------------------------
     0 | D:1      | qw the Djinni Hunter began the quest for the Orb.
     0 | D:1      | Reached XP level 1. HP: 18/18 MP: 0/0
     0 | D:1      | 0 ||| qw: Version: 0.3-a-136-gdd3b4e8
     0 | D:1      | 0 ||| qw: Game counter: 1060
     0 | D:1      | 0 ||| qw: Melee chars always use a shield: true
     0 | D:1      | 0 ||| qw: God list: Okawaru
     0 | D:1      | 0 ||| qw: Allow faded altars: false
     0 | D:1      | 0 ||| qw: Do Orc after clearing Dungeon:15 true
     0 | D:1      | 0 ||| qw: Do second Lair branch before Depths: true
     0 | D:1      | 0 ||| qw: Lair rune preference: random
     0 | D:1      | 0 ||| qw: Goals: Normal
     0 | D:1      | 0 ||| PLANNING D:1-11
    42 | D:1      | Reached XP level 2. HP: 23/23 MP: 0/0
   583 | D:1      | 583 ||| READING scroll labelled JOC FALAPEA.
   583 | D:1      | 583 ||| IDENTIFYING 2 sapphire potions
   584 | D:1      | 584 ||| READING scroll labelled KAOFFE UTSAGIRI.
   585 | D:1      | 585 ||| DRINKING 3 fuming inky potions.
   586 | D:1      | 586 ||| DROPPING scroll of butterflies.
   587 | D:1      | 587 ||| DROPPING 2 potions of degeneration.
   615 | D:2      | Noticed a scorpion
   619 | D:2      | 619 ||| STAIRDANCE
   626 | D:2      | HP: 3/23 [scorpion (5)]
   629 | D:2      | HP: 1/23 [scorpion (3)]
   630 | D:2      | Slain by a scorpion

Levels and vault maps discovered:
D:1:      dpeg_arrival_arbitrary_c, layout_loops_ring
D:2:      layout_basic, basic_ecumenical_altar, basic_altar

Action                     || total
---------------------------++-------
   Fire: Shortbow          ||    41
    Use: Scroll            ||     2
         Potion            ||     1
 Armour: Leather armour    ||    10
  Dodge: Dodged            ||     8

Table legend:
 A = Non-vault XP
 B = Vault XP
 C = Vault XP percentage of total XP
 D = Non-vault monster count
 E = Vault monster count
 F = Vault count percentage of total count
                 A         B        C        D         E       F
            +---------+---------+-------+---------+---------+-------
      Total |      28 |       0 |   0.0 |      14 |       0 |   0.0
            +---------+---------+-------+---------+---------+-------
        D:1 |      28 |       0 |   0.0 |      14 |       0 |   0.0
            +---------+---------+-------+---------+---------+-------
